 Dungeon Crawl Stone Soup version 0.24-a0-446-g87df7205b4 (webtiles) character file.

Game seed: 16015967271733005657

595 theanonym the Cudgeler (level 7, 0/49 HPs)
             Began as a Mummy Warper on June 24, 2019.
             Was a Follower of Hepliaklqana.
             Slain by an ogre
             ... wielding a +0 giant club
              (12 damage)
             ... on level 5 of the Dungeon.
             The game lasted 00:05:34 (3962 turns).

theanonym the Cudgeler (Mummy Warper)               Turns: 3962, Time: 00:05:34

Health: 0/49       AC: 15    Str: 16    XL:     7   Next: 17%
Magic:  11/11      EV:  4    Int: 13    God:    Hepliaklqana [*.....]
Gold:   266        SH:  0    Dex: 11    Spells: 11/11 levels left

rFire    x . .     SeeInvis .   a - +2 whip (elec)
rCold    + . .     Gourm    .   (no shield)
rNeg     + + +     Faith    .   f - +0 plate armour
rPois    ∞         Spirit   .   (no helmet)
rElec    .         Reflect  .   h - +0 cloak
rCorr    .         Harm     .   g - +1 pair of gloves
MR       .....                  c - +1 pair of boots
Stlth    ..........             (no amulet)
HPRegen  0.16/turn              (no ring)
MPRegen  0.12/turn              (no ring)

@: no status effects
A: no food or potions, fire vulnerability, reduced essence, cold resistance 1,
negative energy resistance 3, torment resistance, unbreathing
a: Recall Ancestor, Ancestor Identity, Renounce Religion


Innate Abilities, Weirdness & Mutations

You do not eat or drink.
Your flesh is vulnerable to fire.
You are immune to poison.
Your flesh is cold resistant. (rC+)
You are immune to negative energy. (rN+++)
You are immune to unholy pain and torment.
You can survive without breathing.
Your life essence is reduced to manifest your ancestor. (-10% HP)


   Skills:
 + Level 4.8 Fighting
 * Level 5.4 Maces & Flails
 - Level 0.7 Throwing
 - Level 0.7 Armour
 - Level 1.5 Dodging
 - Level 2.6 Spellcasting
   Level 2.4 Translocations


You had 11 spell levels left.
You didn't know any spells.
Your spell library contained the following spells:

 Spells                   Type           Power        Failure   Level  Hunger
 Animate Skeleton         Necr           N/A          100%        1    N/A
 Pain                     Necr           #...         100%        1    N/A
 Blink                    Tloc           N/A          100%        2    N/A
 Shroud of Golubria       Chrm/Tloc      #.....       100%        2    N/A
 Gell's Gravitas          Tloc           #.........   100%        3    N/A
 Lesser Beckoning         Tloc           #.........   100%        3    N/A
 Teleport Other           Tloc           #.......     100%        3    N/A
 Vampiric Draining        Necr           #.........   100%        3    N/A
 Animate Dead             Necr           N/A          100%        4    N/A
 Passage of Golubria      Tloc           N/A          100%        4    N/A
 Regeneration             Chrm/Necr      Unusable     N/A         3    N/A

Skill      XL: |  1  2  3  4  5  6 |
---------------+-------------------+-----
Maces & Flails | 2 3 4 5 |  5.4
Fighting       | 3 4 |  4.8
Throwing       | |  0.7
Armour         | |  0.7
Dodging        | |  1.5
Spellcasting   | |  2.6
Translocations | |  2.4

Action                   |  1- 3 |  4- 6 |  7- 9 || total
-------------------------+-------+-------+-------++-------
Melee: Mace              |   109 |    13 |       ||   122
       Whip              |     8 |    67 |    14 ||    89
Invok: Recall Ancestor   |     2 |     1 |       ||     3
       Ancestor Identity |     1 |       |       ||     1
  Use: Scroll            |     6 |     5 |       ||    11
Armor: Leather armour    |     8 |       |       ||     8
       Ring mail         |    39 |       |       ||    39
       Chain mail        |    26 |    22 |       ||    48
       Plate armour      |       |    26 |     4 ||    30
Dodge: Dodged            |    73 |    18 |     4 ||    95

Inventory:

Hand Weapons
 a - a +2 whip of electrocution (weapon)
 b - a +0 mace
Missiles
 e - 5 boomerangs of dispersal (quivered)
Armour
 c - a +1 pair of boots (worn)
 f - a +0 plate armour (worn)
 g - a +1 pair of gloves (worn)
 h - a +0 cloak (worn)
Scrolls
 n - 2 scrolls of remove curse
 r - 2 scrolls of identify
 t - 2 scrolls of teleportation
 B - a scroll of blinking


You were on level 5 of the Dungeon.
You worshipped Hepliaklqana.
Hepliaklqana was aware of your devotion.
You were not hungry.

You visited 2 branches of the dungeon, and saw 6 of its levels.

You collected 266 gold pieces.

Dungeon Overview and Level Annotations

Branches:
Dungeon (5/15)             Temple (1/1) D:4

Altars:
Ashenzari
Cheibriados
Elyvilon
Gozag
Hepliaklqana
Nemelex Xobeh
Okawaru
Qazlal
Ru
Sif Muna
Trog
Uskayaw
Vehumet
Wu Jian
Xom
Yredelemnul
Zin
The Shining One

#.#.########.#
#...##.......#
######.########.#.#
......<.........#.#
.......#........#.#
.......#.###.#..#.#####.#
.......#..##.#..#.......#
.......#.....#.##R#######
.[....##..##....@O...#
......##.....#....##.#
........>#####.#### #
......#### #.# ......#
### ####### #######
......#


You could see the friendly Piston the ancestor and an ogre.

Notes
Turn   | Place    | Note
-------+----------+-------------------------------------------
     0 | D:1      | theanonym the Mummy Warper began the quest for the Orb.
     0 | D:1      | Reached XP level 1. HP: 16/16 MP: 4/4
    25 | D:1      | HP: 6/16 [goblin/+0 dagger (3)]
   499 | D:1      | HP: 6/16 [kobold/+0 short sword (4)]
   503 | D:1      | Reached skill level 2 in Maces & Flails
   706 | D:1      | HP: 6/16 [hobgoblin (4)]
   707 | D:1      | Reached XP level 2. HP: 9/22 MP: 5/5
   771 | D:1      | HP: 10/22 [kobold (3)]
  1405 | D:2      | Found a hazy altar of Hepliaklqana.
  1418 | D:2      | Became a worshipper of Hepliaklqana the Forgotten
  1435 | D:2      | Reached XP level 3. HP: 25/25 MP: 7/7
  1448 | D:2      | You fall into a shaft and drop 1 floor!
  1647 | D:3      | HP: 11/25 [orc priest/divine providence (12)]
  1657 | D:4      | Noticed an ogre
  1667 | D:3      | HP: 9/25 [orc (3)]
  1682 | D:2      | HP: 9/25 [orc/+0 dagger (1)]
  1687 | D:2      | HP: 7/25 [goblin/+0 dagger (1)]
  1955 | D:2      | Found a sparkling altar of Nemelex Xobeh.
  2023 | D:3      | Reached skill level 3 in Fighting
  2023 | D:3      | Reached skill level 3 in Maces & Flails
  2023 | D:3      | Reached XP level 4. HP: 31/31 MP: 8/8
  2100 | D:3      | Noticed Jessica
  2106 | D:3      | Killed Jessica
  2143 | D:3      | Reached * piety under Hepliaklqana
  2185 | D:3      | Found a shattered altar of Ashenzari.
  2556 | D:4      | HP: 7/31 [ogre/+0 giant club (24)]
  2571 | D:4      | Killed an ogre
  2571 | D:4      | Reached skill level 4 in Maces & Flails
  2571 | D:4      | Reached XP level 5. HP: 10/37 MP: 7/9
  2820 | D:4      | Found a staircase to the Ecumenical Temple.
  3016 | D:4      | Found a glowing golden altar of the Shining One.
  3250 | Temple   | Entered the Ecumenical Temple
  3397 | D:5      | Entered Level 5 of the Dungeon
  3418 | D:5      | Noticed an ogre
  3425 | D:5      | Killed an ogre
  3425 | D:5      | Reached skill level 4 in Fighting
  3425 | D:5      | Reached XP level 6. HP: 34/43 MP: 10/10
  3533 | D:5      | Noticed a sky beast
  3544 | D:5      | HP: 21/43 [something (5)]
  3552 | D:5      | Killed a sky beast
  3552 | D:5      | Reached skill level 5 in Maces & Flails
  3635 | D:5      | HP: 12/44 [orc priest/divine providence (12)]
  3637 | D:5      | Reached XP level 7. HP: 12/49 MP: 11/11
  3647 | D:5      | HP: 10/49 [scorpion (4)]
  3649 | D:5      | HP: 3/49 [orc/+0 trident (2)]
  3961 | D:5      | HP: 12/49 [ogre/+0 giant club (21)]
  3962 | D:5      | Slain by an ogre

Vanquished Creatures
  A sky beast (D:5)
  An ogre (D:4)
  A scorpion (D:5)
  2 orc priests
  An orc wizard (D:5)
  An adder (D:4)
  An ooze (D:2)
  A worm (D:3)
  A dart slug (D:1)
  2 leopard geckos
  8 orcs
  5 bats
  A giant cockroach (D:1)
  3 hobgoblins
  A quokka (D:2)
  A ball python (D:4)
  3 frilled lizards
  3 goblins
  8 kobolds
  5 rats
50 creatures vanquished.

Vanquished Creatures (collateral kills)
  A phantom (D:5)
  An ogre (D:5)
  Jessica (D:3)
  An adder (D:3)
  5 orcs
  A bat (D:3)
  A kobold (D:3)
  A butterfly (D:4)
12 creatures vanquished.

Grand Total: 62 creatures vanquished

Table legend:
 A = Turns spent in this place as a percentage of turns spent in the entire game.
 B = Non-inter-level travel turns spent in this place as a percentage of non-inter-level travel turns spent in the entire game.
 C = Inter-level travel turns spent in this place as a percentage of turns spent in this place.
 D = Turns resting spent in this place as a percentage of non-inter-level travel turns spent in this place.
 E = Turns spent auto-exploring this place as a percentage of non-inter-level travel turns spent in this place.
 F = Non-inter-level travel turns spent in this place divided by the number of levels of this place that you've seen.
                   A       B       C       D       E      F
               +-------+-------+-------+-------+-------+----------------------
         Total | 100.0 | 100.0 |   8.8 |  42.9 |  43.3 | 602.3
       Dungeon |  97.3 |  97.4 |   8.7 |  44.0 |  41.8 | 703.8
        Temple |   2.7 |   2.6 |  12.0 |   0.0 |  98.9 |  95.0
               +-------+-------+-------+-------+-------+----------------------
